 Dungeon Crawl Stone Soup version 0.29.1-1-gd02db6906a (webtiles) character file.

Game seed: 3432467049933712878

10352 bwicke the Covert (level 11, -1/71 HPs)
             Began as an Octopode Gladiator on Sept 19, 2022.
             Was a Believer of Ashenzari.
             Shot with an arrow by a centaur (12 damage)
             ... on level 11 of the Dungeon.
             The game lasted 00:49:23 (11104 turns).

bwicke the Covert (Octopode Gladiator)             Turns: 11104, Time: 00:49:24

Health: -1/71      AC:  7    Str: 13    XL:     11   Next: 60%
Magic:  14/14      EV: 14    Int: 15    God:    Ashenzari [**....]
Gold:   411        SH:  0    Dex: 20    Spells: 7/15 levels left

rFire   . . .      SeeInvis +   d - +3 short sword "At What Cost Knowledge?" {distort, Evo, Bglg} (curse)
rCold   . . .      Faith    .   (no shield)
rNeg    . . .      Spirit   .   b - +2 hat "Tethered Irritation" {Alch, Range} (curse)
rPois   +          Reflect  .   j - amulet of the Astrological Sky {RegenMP, Bglg, Elem} (curse)
rElec   .          Harm     .   l - ring "Per Aspera Ad Scientiam" {rCorr, Comp, Melee} (curse)
rCorr   +          Rampage  .   v - ring of poison resistance
Will    .....                   G - ring "Ensconced Visionary" {Dex+6, Evo, Comp} (curse)
Stlth   ++++++....              N - +4 ring of protection
HPRegen 0.21/turn               (no ring)
MPRegen 0.54/turn               (no ring)
                                (no ring)
                                (no ring)

@: slowed, very slow
A: almost no armour, amphibious, 8 rings, camouflage 1, gelatinous body 1,
(nimble swimmer 1), tentacles
a: Renounce Religion, Shatter the Chains


You were on level 11 of the Dungeon.
You worshipped Ashenzari.
Ashenzari was pleased with you.
You visited 2 branches of the dungeon, and saw 12 of its levels.
You also visited: Ossuary.

You collected 775 gold pieces.
You spent 364 gold pieces at shops.

Inventory:

Hand Weapons
 a - a +5 spear
 d - the cursed +3 short sword "At What Cost Knowledge?" (weapon) {distort, Evo, Bglg}
   (You took it off Terence on level 2 of the Dungeon)

   It warps and distorts space around it, and may blink, banish, or inflict
   extra damage upon those it strikes.
   Unwielding it can cause banishment or high damage.
   It has a curse which improves the following skills: Evocations: Evocations.
   Beguiling: Conjurations, Hexes and Translocations.
 q - a +2 quarterstaff of chaos
 y - a +2 whip of flaming
 H - a +0 trident of protection
 K - a +2 short sword of venom
 O - a +2 falchion of pain
 Q - a +2 spear of flaming
 R - a +0 falchion of holy wrath
 S - a +4 hand axe of freezing
 T - a +3 short sword
 U - the +3 Elemental Staff {rElec rF++ rC++ AC+5}
   (You took it off a deep elf pyromancer on level 10 of the Dungeon)

   If the wielder is skilled in Evocations, they can discharge powerful blasts
   of elemental energy when striking with it.
   It enhances your fire, ice, earth and air magic.
   AC:        It affects your AC (+5).
   rF:        It greatly protects you from fire.
   rC:        It greatly protects you from cold.
   rElec:     It insulates you from electricity.
 V - a +5 scimitar
Missiles
 c - a throwing net (quivered)
 e - 21 poisoned darts
 n - 5 javelins
Armour
 b - the cursed +2 hat "Tethered Irritation" (worn) {Alch, Range}

   It has a curse which improves the following skills: Alchemy: Poison Magic and
   Transmutations.
   Ranged Combat: Ranged Weapons and Throwing.
Magical Staves
 f - a staff of death
Jewellery
 j - the cursed amulet of the Astrological Sky (around mantle) {RegenMP, Bglg, Elem}
   (You found it on level 1 of the Dungeon)

   [amulet of magic regeneration]

   It increases your rate of magic regeneration.
   It has a curse which improves the following skills: Beguiling: Conjurations,
   Hexes and Translocations.
   Elements:  Fire Magic, Ice Magic, Air Magic and Earth Magic.
 l - the cursed ring "Per Aspera Ad Scientiam" (left tentacle) {rCorr, Comp, Melee}
   (You found it on level 1 of the Dungeon)

   [ring of resist corrosion]

   rCorr:     It protects you from acid and corrosion.
   It has a curse which improves the following skills: Companions: Summonings
   and Necromancy.
   Melee Combat: Short Blades, Long Blades, Axes, Maces & Flails, Polearms,
   Staves and Unarmed Combat.
 v - a ring of poison resistance (right tentacle)
 E - an amulet of reflection
 G - the cursed ring "Ensconced Visionary" (on tentacle) {Dex+6, Evo, Comp}
   (You found it in an ossuary)

   [ring of dexterity]

   Dex:       It affects your dexterity (+6).
   It has a curse which improves the following skills: Evocations: Evocations.
   Companions: Summonings and Necromancy.
 N - a +4 ring of protection (on tentacle)
Wands
 g - a wand of mindburst (5)
 r - a wand of flame (9)
 C - a wand of quicksilver (10)
 W - a wand of polymorph (5)
 X - a wand of charming (4)
Scrolls
 h - 6 scrolls of poison
 i - 3 scrolls of immolation
 o - 10 scrolls of teleportation
 p - 3 scrolls of amnesia
 u - a scroll of fear
 B - 2 scrolls of blinking
 D - a scroll of enchant armour
 I - a scroll of vulnerability
 M - 3 scrolls of magic mapping
 P - 2 scrolls of enchant weapon
Potions
 k - 5 potions of lignification
 m - 4 potions of curing
 s - a potion of might
 t - a potion of mutation
 w - 7 potions of heal wounds
 x - 2 potions of brilliance
 z - 5 potions of flight
 A - 2 potions of berserk rage
 F - a potion of resistance
 J - a potion of cancellation
 L - 4 potions of haste


   Skills:
 - Level 5.0 Fighting
 - Level 9.0(10.2) Short Blades
 - Level 2.0(3.0) Throwing
 - Level 3.0 Dodging
 - Level 10.4 Stealth
 - Level 2.6 Spellcasting
 - Level 5.3(7.2) Conjurations
 - Level 3.0(4.6) Translocations
 - Level 2.8(3.9) Transmutations
 - Level 4.2(5.3) Fire Magic
 + Level 6.8(8.0) Air Magic
 - Level 8.4(9.7) Poison Magic


You had 7 spell levels left.
You knew the following spells:

 Your Spells              Type           Power      Damage    Failure   Level
a - Mephitic Cloud        Conj/Pois/Air  27%        N/A       1%          3
b - Ignite Poison         Fire/Tmut/Pois 21%        N/A       4%          3
c - Blink                 Tloc           30%        N/A       4%          2

Your spell library contained the following spells:

 Spells                   Type           Power      Damage    Failure   Level
 Foxfire                  Conj/Fire      80%        2x1d8     1%          1
 Magic Dart               Conj           92%        1d7       1%          1
 Shock                    Conj/Air       96%        1d9       1%          1
 Searing Ray              Conj           46%        2d6       1%          2
 Static Discharge         Conj/Air       24%        3-6/arc   1%          2
 Conjure Flame            Conj/Fire      20%        6-21      4%          3
 Lesser Beckoning         Tloc           15%        N/A       10%         3
 Sticky Flame             Conj/Fire      20%        2d4       16%         4
 Lightning Bolt           Conj/Air       12%        1d25      26%         5
 Summon Lightning Spire   Summ/Air       14%        N/A       36%         4
 Freezing Cloud           Conj/Ice/Air   8%         6-21      56%         5
 Manifold Assault         Tloc           15%        N/A       65%         5
 Dispel Undead            Necr           2%         3d7       88%         4
 Spellforged Servitor     Conj/Summ      6%         N/A       100%        7


Dungeon Overview and Level Annotations

Branches:
Dungeon (11/15)            Temple (1/1) D:6         Ossuary (visited)
   Lair: D:8-11         Orc: D:9-12

Altars:
Ashenzari
Cheibriados
Dithmenos
Elyvilon
Fedhas
Gozag
Hepliaklqana
Kikubaaqudgha
Makhleb
Nemelex Xobeh
Okawaru
Qazlal
Ru
Sif Muna
Trog
Uskayaw
Vehumet
Wu Jian
Xom
Yredelemnul
Zin
The Shining One

Shops:
D:1 :

Annotations:
Abyss:1 Jessica


Innate Abilities, Weirdness & Mutations

You cannot wear most types of armour.
You are amphibious.
You can wear up to eight rings at the same time.
Your skin changes colour to match your surroundings (Stealth+).
Your rubbery body absorbs attacks. (AC +1, EV +1)
((You are camouflaged when in or above water. (Stealth+)))
You have tentacles for arms and can constrict up to eight enemies at once.


Message History

Your squeeze misses the wraith.
The wraith is heavily damaged.
The wraith barely misses you.
You hit the wraith.
Space warps horribly around the wraith!
You destroy the wraith!
Casting: Ignite Poison (dangerous; 4% risk of failure)
Confirm with . or Enter, or press ? or * to list all spells.
Aiming: Mephitic Cloud (safe; 1% risk of failure)
Press: ? - help, Shift-Dir - straight line, f - komodo dragon
Aim: a komodo dragon (chance to affect: 62%)
The ball explodes into a vile cloud!
The stinking cloud engulfs the komodo dragon but does no damage.
You hear a shout! x3
The komodo dragon is engulfed in noxious fumes.
The komodo dragon appears confused.
Found 8 gold pieces.
The komodo dragon misses you. The komodo dragon bites you!!
You catch the helpless komodo dragon completely off-guard!
You impale the komodo dragon!!
You squeeze the komodo dragon, but do no damage.
The komodo dragon is severely wounded.
The komodo dragon seems less confused.
A centaur comes into view.
The komodo dragon bites you!!
* * * LOW HITPOINT WARNING * * *
The centaur shouts!
You hit the komodo dragon. Your squeeze misses the komodo dragon.
The komodo dragon is severely wounded.
The komodo dragon blinks!
A centaur comes into view.
The centaur wields a +0 shortbow.
The centaur shoots an arrow.
The arrow hits you.
* * * LOW HITPOINT WARNING * * *
The centaur drinks a potion.
The centaur seems to speed up.
As you read the scroll of fear, it crumbles to dust.
You assume a fearsome visage.
The komodo dragon looks frightened!
The centaur easily resists.
The centaur looks frightened!
The centaur shoots an arrow.
The arrow hits you!
You die...

..#.. , ...## ... ,,
#.#.###############
,~#...<.........[...#
, #..#..............#
*#...
+...$..........# #...
*#..............# ..#
#.......@..>l..# #*
*#........ยง....$# **
#c.............# ,
#.############## * #.
* * , *


You could see a komodo dragon (fleeing) and a centaur.

Vanquished Creatures
  Pikel (D:4)
  A deep elf pyromancer (D:10)
  Maurice (D:8)
  3 gargoyles (D:10)
  A rime drake (D:10)
  2 hornets (D:8)
  Sigmund (D:5)
  4 wraiths
  5 yaks (D:9)
  Menkaure (D:7)
  The ghost of swoooce the Trooper, an amateur GrFi of Ru (D:4)
  A water moccasin (D:5)
  5 orc warriors
  An ice beast (D:8)
  2 sky beasts (D:7)
  2 ogres
  2 hornet zombies (Ossuary)
  3 centaurs
  2 phantoms
  2 lemures (D:4)
  Blork the orc (D:4)
  A necrophage (D:8)
  6 bullfrogs
  3 scorpions
  A water moccasin zombie (Ossuary)
  10 wights
  3 killer bees (D:9)
  3 howler monkeys
  3 centaur zombies (Ossuary)
  4 bullfrog zombies (Ossuary)
  5 orc priests
  2 hounds
  An iguana (D:4)
  3 jellies
  Crazy Yiuf (D:2)
  Terence (D:2)
  7 orc wizards
  A killer bee zombie (Ossuary)
  13 mummies
  A howler monkey zombie (Ossuary)
  Robin (D:2)
  7 adders
  4 gnolls (D:7)
  A dart slug (D:4)
  39 orcs
  10 endoplasms
  3 giant cockroaches
  17 goblins
  7 hobgoblins
  9 kobolds
  2 quokkas
  6 ball pythons
  A bat (D:3)
  3 frilled lizards
  2 orc zombies (D:6)
  4 rats (D:1)
227 creatures vanquished.

Vanquished Creatures (others)
  12 withered plants (Ossuary)
12 creatures vanquished.

Grand Total: 239 creatures vanquished

Notes
Turn   | Place    | Note
-------+----------+-------------------------------------------
     0 | D:1      | bwicke the Octopode Gladiator began the quest for the Orb.
     0 | D:1      | Reached XP level 1. HP: 14/14 MP: 1/1
    50 | D:1      | Found Wyah's Book Emporium.
   207 | D:1      | Reached XP level 2. HP: 16/19 MP: 2/2
   785 | D:2      | Noticed Terence
   807 | D:2      | Killed Terence
   808 | D:2      | Reached XP level 3. HP: 17/24 MP: 3/3
   818 | D:2      | Noticed Robin
   843 | D:2      | Killed Robin
   848 | D:2      | Reached XP level 4. HP: 13/29 MP: 4/4
  1169 | D:2      | Found a runed translucent door.
  1170 | D:2      | Noticed Crazy Yiuf
  1176 | D:2      | Killed Crazy Yiuf
  1177 | D:2      | Reached skill level 5 in Short Blades
  1238 | D:2      | Reached XP level 5. HP: 33/34 MP: 5/5
  1340 | D:2      | Noticed Jessica
  1346 | D:2      | Banished Jessica
  1347 | D:2      | Reached skill level 1 in Stealth
  1565 | D:2      | You fall into a shaft and drop 2 floors!
  1726 | D:3      | Found an ornate altar of the Wu Jian Council.
  2019 | D:3      | Found a faded altar of an unknown god.
  2099 | D:3      | Reached skill level 2 in Stealth
  2574 | D:4      | Noticed a lemure
  2575 | D:4      | Found a bloodstained altar of Trog.
  2575 | D:4      | Noticed a lemure
  2589 | D:4      | Killed a lemure
  2604 | D:4      | Noticed Pikel
  2604 | D:4      | Noticed a lemure
  2613 | D:4      | Killed a lemure
  2616 | D:4      | Killed Pikel
  2617 | D:4      | Reached skill level 6 in Stealth
  2617 | D:4      | Reached XP level 6. HP: 39/39 MP: 6/6
  2617 | D:4      | Reached XP level 7. HP: 45/45 MP: 7/7
  2680 | D:4      | Noticed Blork the orc
  2689 | D:4      | Killed Blork the orc
  2775 | D:4      | Found an iron altar of Okawaru.
  2782 | D:4      | Found a radiant altar of Vehumet.
  2782 | D:4      | Found a shadowy altar of Dithmenos.
  2784 | D:4      | Found a broken altar of Ashenzari.
  2819 | D:4      | Became a worshipper of Ashenzari the Shackled
  2888 | D:4      | Found a runed translucent door.
  2890 | D:4      | Reached skill level 7 in Stealth
  2891 | D:4      | Noticed swoooce's ghost (amateur GrFi)
  2891 | D:4      | Noticed a wyvern
  2903 | D:4      | Killed swoooce's ghost
  2904 | D:4      | Reached XP level 8. HP: 15/50 MP: 8/8
  2906 | D:4      | Banished a wyvern
  2907 | D:4      | Reached skill level 8 in Stealth
  3243 | D:4      | Reached skill level 9 in Stealth
  3509 | D:4      | Found a shimmering blue altar of Sif Muna.
  3712 | D:5      | Entered Level 5 of the Dungeon
  3855 | D:5      | Noticed Sigmund
  3865 | D:5      | Killed Sigmund
  3866 | D:5      | Reached skill level 10 in Stealth
  3867 | D:5      | Found a faded altar of an unknown god.
  3869 | D:5      | Found a hazy altar of Hepliaklqana.
  4250 | D:5      | Reached XP level 9. HP: 52/54 MP: 9/9
  4516 | D:6      | Reached skill level 5 in Poison Magic
  4557 | D:6      | Found a sand-covered staircase.
  4562 | Ossuary  | Entered an ossuary
  5746 | D:6      | Found a staircase to the Ecumenical Temple.
  5756 | Temple   | Entered the Ecumenical Temple
  6081 | D:6      | Found an ancient bone altar of Kikubaaqudgha.
  6237 | D:1      | Bought a Trismegistus Codex for 364 gold pieces
  6447 | D:6      | Found a sacrificial altar of Ru.
  6500 | D:7      | Reached skill level 5 in Fighting
  6555 | D:7      | Reached * piety under Ashenzari
  6614 | D:7      | Reached skill level 1 in Fire Magic
  6730 | D:7      | Reached XP level 10. HP: 66/66 MP: 10/10
  6792 | D:7      | Learned a level 3 spell: Mephitic Cloud
  6903 | D:7      | Reached skill level 1 in Conjurations
  6993 | D:7      | Noticed Menkaure
  6998 | D:7      | Killed Menkaure
  7030 | D:7      | Found a sparkling altar of Nemelex Xobeh.
  7301 | D:7      | Found a white marble altar of Elyvilon.
  7687 | D:8      | Noticed Maurice
  7695 | D:8      | Killed Maurice
  8156 | D:8      | Reached skill level 5 in Conjurations
  8358 | D:9      | Reached skill level 1 in Air Magic
  8798 | D:9      | Learned a level 3 spell: Ignite Poison
  8882 | D:9      | Reached skill level 1 in Translocations
  9320 | D:9      | Reached skill level 1 in Transmutations
  9334 | D:9      | Reached XP level 11. HP: 59/71 MP: 9/11
  9421 | D:9      | Found a glowing silver altar of Zin.
  9774 | D:10     | Entered Level 10 of the Dungeon
  9777 | D:10     | Reached ** piety under Ashenzari
  9864 | D:10     | Learned a level 2 spell: Blink
  9927 | D:10     | Noticed a deep elf pyromancer
  9934 | D:10     | Killed a deep elf pyromancer
  9935 | D:10     | Reached skill level 1 in Spellcasting
 10336 | D:10     | Noticed a boulder beetle
 10354 | D:10     | Noticed a boulder beetle
 10391 | D:10     | Found a hide-covered altar of Uskayaw.
 10411 | D:10     | Identified a scroll of acquirement
 10438 | D:10     | Acquired Oluzokh's Compendium of Feathery Blows and Bruises
 10496 | D:10     | Banished a boulder beetle
 10497 | D:10     | Reached skill level 5 in Air Magic
 10905 | D:11     | Noticed a skeletal warrior
 10905 | D:11     | Noticed a skeletal warrior
 10907 | D:11     | Noticed a skeletal warrior
 11104 | D:11     | Shot with an arrow by a centaur

Illustrated notes

Levels and vault maps discovered:
D:1:      erik_arrival_orb_chamber, layout_basic, serial_shops, shop,
          st_stairs_13
D:2:      layout_basic, kennysheep_jessica_study, uniq_crazy_yiuf_cottage,
          uniq_robin, uniq_terence
D:3:      layout_basic, nicolae_overflow_crystal_walls,
          shapermc_ecumenical_altar_notcrosses, uniq_jessica
D:4:      layout_cave_pools, mainiacjoe_overflow_six_doors_small,
          nicolae_overflow_hidden_temple, grunt_temple_overflow_open,
          ebering_ghost_inner_flame, st_stairs_1, grunt_decor_clamped,
          uniq_pikel, uniq_blork_the_orc
D:5:      layout_basic, beargit_hepliaklqana_dungeon_heroes
D:6:      layout_cave_pools, mainiacjoe_overflow_surrounded_room,
          kennysheep_little_box, minmay_temple_entry_proselytizer,
          nicolae_ossuary_entry_giza
D:7:      layout_loops_ring, nemelex_diamond_rough_becter, kennysheep_mini,
          uniq_menkaure
D:8:      layout_basic, uniq_maurice
D:9:      layout_roguey, zin_treasury
D:10:     layout_irregular_city, amcnicky_altar_gilded, serial_column_ruins,
          column_ruins_hut, column_ruins_square_large, column_ruins_grid_1,
          column_ruins_corridor_corner, column_ruins_open_small,
          column_ruins_grid_1, column_ruins_columns_dead_end,
          column_ruins_columns_corner, dilly_guarded_unrand_elemental_staff
D:11:     layout_basic, dpeg_oklobed_lair, david_orc_2
Temple:   nicolae_temple_godpark

Skill      XL: |  1  2  3  4  5  6  7  8  9 10 11 |
---------------+----------------------------------+-----
Short Blades   | 4 5 7 8 9 |  9.0
Stealth        | 6 7 10 | 10.4
Poison Magic   | 3 8 |  8.4
Fighting       | 5 |  5.0
Fire Magic     | 2 4 |  4.2
Conjurations   | 5 |  5.3
Air Magic      | 3 6 |  6.8
Translocations | 3 |  3.0
Transmutations | 2 |  2.8
Spellcasting   | 2 |  2.6
Throwing       | |  2.0
Dodging        | |  3.0

Action                   |  1- 3 |  4- 6 |  7- 9 | 10-12 || total
-------------------------+-------+-------+-------+-------++-------
Melee: Rapier            |    31 |       |       |       ||    31
       Constrict         |    12 |    12 |    43 |    34 ||   101
       Tentacles         |     5 |    12 |    45 |    52 ||   114
       Punch             |     1 |     2 |     3 |     2 ||     8
       Short sword       |     9 |    68 |   219 |   202 ||   498
Throw: Throwing net      |     1 |     1 |     2 |     1 ||     5
       Javelin           |     1 |       |       |     4 ||     5
 Cast: Mephitic Cloud    |       |       |       |    12 ||    12
       Ignite Poison     |       |       |       |     8 ||     8
Invok: Curse Item        |       |       |     2 |     3 ||     5
Evoke: Wand              |       |       |       |     7 ||     7
  Use: Scroll            |       |     4 |     5 |     2 ||    11
 Stab: Sleeping          |     4 |    12 |    19 |    13 ||    48
       Distracted        |       |       |     3 |     2 ||     5
       Confused          |       |       |       |     3 ||     3
Armor: Skin              |       |     5 |    11 |    28 ||    44
Dodge: Dodged            |    10 |    16 |    72 |    75 ||   173
